 Dungeon Crawl Stone Soup version 0.29-a0-270-g1586fc07ea (webtiles) character file.

Game seed: 8162116946582265182

6 spaghetti the Skirmisher (level 1, 0/27 HPs)
             Began as a Demonspawn Berserker on Mar 7, 2022.
             Was a Follower of Trog.
             Succumbed to a water moccasin's poison
             ... on level 3 of the Dungeon.
             The game lasted 00:01:00 (283 turns).

spaghetti the Skirmisher (Demonspawn Berserker)      Turns: 283, Time: 00:01:01

Health: 0/27       AC:  2    Str: 17    XL:     1   Next: 75%
Magic:  1/1        EV: 12    Int:  8    God:    Trog [*.....]
Gold:   11         SH:  0    Dex: 12    Spells: 0/0 levels left

rFire   . . .      SeeInvis .   a - +0 spear {polearm}
rCold   . . .      Faith    +   (no shield)
rNeg    . . .      Spirit   .   b - +0 animal skin
rPois   .          Reflect  .   (no helmet)
rElec   .          Harm     .   (no cloak)
rCorr   .          Rampage  .   (no gloves)
Will    .....                   (no boots)
Stlth   ..........              c - amulet of faith {!P}
HPRegen 0.09/turn               (no ring)
MPRegen 0.07/turn               (no ring)

@: berserking, lethally poisoned (0 -> -15), very quick
A: no striking features
a: Renounce Religion, Berserk


You were on level 3 of the Dungeon.
You worshipped Trog.
Trog was aware of your devotion.
You visited 1 branch of the dungeon, and saw 3 of its levels.

You collected 11 gold pieces.


   Skills:
 - Level 3.0 Fighting
 - Level 2.6(2.8) Polearms
 + Level 1.2(2.1) Staves
 - Level 1.7 Armour
 - Level 1.7 Dodging


You couldn't memorise any spells.
You didn't know any spells.
Your spell library was empty.

Inventory:

Hand Weapons
 a - a +0 spear (weapon) {polearm}
Armour
 b - a +0 animal skin (worn)
Jewellery
 c - an amulet of faith (around neck) {!P}
   (You found it on level 1 of the Dungeon)

Dungeon Overview and Level Annotations

Branches:
Dungeon (3/15)

Altars:

..##.####...#.#..
........<.........
...##..##....#.#...
#.##..............
#............?....
.##..#..##..........
....................
###..#..........#...
......J@............
###....S........$...
...................
####.......$.......
#..............
#.............
##.#.##....#. #.#.#
....#


You could see a water moccasin and an endoplasm.


Message History

Things that are here:
a +0 short sword {short}; a kobold corpse You slide downwards.
The hatch slams shut behind you. 😨 HP[+1] Unknown command.
Unknown command.
A dart slug is nearby!
A red film seems to cover your vision as you go berserk!
You feel yourself moving faster!
You feel mighty! 😨 HP[+4]
You now have 27 max hp (+9).
You regained 4 hp, and now have 13/27 hp.
You puncture the dart slug!
You kill the dart slug!
Trog accepts your kill.
Your base Staves skill increases to level 1!
You start resting.
You feel a strong urge to attack something.
You feel your anger nearly subside.
You are no longer berserk.
You are exhausted.
You feel yourself slow down.
You feel yourself speed up.
You recover from your berserk rage. 😎 HP[+5]
You now have 18 max hp (-9).
Your hp is fully restored (18).
Unknown command.
You see here a dart slug corpse.
You see here a dart slug corpse.
You see here a dart slug corpse.
A goblin comes into view. It is wielding a +0 club.
The goblin shouts!
A goblin is nearby!
A goblin is nearby!
A goblin is nearby!
A goblin is nearby!
You reach to attack!
You closely miss the goblin. You hit the goblin but do no damage.
The goblin barely misses you.
You barely miss the goblin. The goblin hits you with a +0 club.
You hit the goblin.
You kill the goblin!
Trog accepts your kill. 😕 HP[-3]
You take 3 damage, and now have 15/18 hp.
No target in view!
No target in view!
No target in view!
No target in view!
No target in view!
No target in view!
No target in view!
No target in view!
No target in view!
Things that are here:
a +0 club {mace}; a goblin corpse; 😎 HP[+3]
Your hp is fully restored (18).
Found a stone staircase leading down.
No target in view!
(D) Dungeon
Where to? (? - help)
There is a stone staircase leading down here.
You climb downwards.
There is a stone staircase leading up here.
Unknown command.
An endoplasm comes into view.
An endoplasm is nearby!
An endoplasm is nearby!
An endoplasm is nearby!
A water moccasin comes into view.
The water moccasin hisses angrily.
The endoplasm quivers.
You hit the water moccasin. The water moccasin barely misses you.
You closely miss the water moccasin. The endoplasm hits you.
The water moccasin barely misses you. 😕 HP[-1]
You take 1 damage, and now have 17/18 hp.
You hit the water moccasin but do no damage.
The water moccasin bites you!
* * * LOW HITPOINT WARNING * * *
You are lethally poisoned!
The water moccasin poisons you! The endoplasm freezes you.
You are frozen.
* * * LOW HITPOINT WARNING * * *
😱 HP[-13]
You take 13 damage, and now have 4/18 hp.
MASSIVE DAMAGE!! (PAUSE)
A red film seems to cover your vision as you go berserk!
You feel yourself moving faster!
You feel mighty!
* * * LOW HITPOINT WARNING * * *
You feel very sick. The water moccasin barely misses you.
The endoplasm freezes you.
You are frozen.
* * * LOW HITPOINT WARNING * * *
The water moccasin barely misses you. 😱 HP[-2]
You now have 27 max hp (+9).
You puncture the water moccasin!
You die...

Skill      XL: |  1 |
---------------+----+-----
Staves         | 1 |  1.2
Fighting       | |  3.0
Polearms       | |  2.6
Armour         | |  1.7
Dodging        | |  1.7

Action                   || total
-------------------------++-------
Melee: Spear             ||    17
Invok: Berserk           ||     2
Armor: Animal skin       ||     1
Dodge: Dodged            ||    12

Levels and vault maps discovered:
D:1:      dpeg_arrival_tiny_i, layout_rooms, serial_bayou, serial_bayou_pond_a,
          serial_bayou_pond_c, serial_bayou_shore_b, serial_bayou_pond_d,
          chequers_ecumenical_altar_simple_redux, minmay_gold_behind_fungi
D:2:      layout_loops_ring, basic_altar, minmay_increasing_density
D:3:      layout_basic, okawaru_metal_pillars_3, minivault_11, glass_columns_a,
          kennysheep_nub

Notes
Turn   | Place    | Note
-------+----------+-------------------------------------------
     0 | D:1      | spaghetti the Demonspawn Berserker began the quest for the
                  | Orb.
     0 | D:1      | Reached XP level 1. HP: 18/18 MP: 1/1
     0 | D:1      | magus.rc [v1.9.6]
    71 | D:2      | Reached skill level 1 in Staves
   276 | D:3      | Noticed a water moccasin
   281 | D:3      | HP: 4/18 [frozen (5)]
   283 | D:3      | Succumbed to a water moccasin's poison

Vanquished Creatures
  A dart slug (D:2)
  An endoplasm (D:1)
  A goblin (D:2)
  A kobold (D:1)
4 creatures vanquished.

Table legend:
 A = Non-vault XP
 B = Vault XP
 C = Vault XP percentage of total XP
 D = Non-vault monster count
 E = Vault monster count
 F = Vault count percentage of total count
                 A         B        C        D         E       F
            +---------+---------+-------+---------+---------+-------
      Total |       9 |       0 |   0.0 |       4 |       0 |   0.0
            +---------+---------+-------+---------+---------+-------
        D:1 |       3 |       0 |   0.0 |       2 |       0 |   0.0
        D:2 |       6 |       0 |   0.0 |       2 |       0 |   0.0
            +---------+---------+-------+---------+---------+-------

Illustrated notes

Table legend:
 A = Kills in this place as a percentage of kills in entire the game.
 B = Kills by you in this place as a percentage of kills by you in the entire game.
 C = Kills by friends in this place as a percentage of kills by friends in the entire game.
 D = Other kills in this place as a percentage of other kills in the entire game.
 E = Experience gained in this place as a percentage of experience gained in the entire game.
 F = Experience gained in this place divided by the number of levels of this place that you have seen.
                   A       B       C       D       E      F
               +-------+-------+-------+-------+-------+----------------------
         Total | 100.0 | 100.0 |   N/A |   N/A | 100.0 |   3.0
       Dungeon | 100.0 | 100.0 |   N/A |   N/A | 100.0 |   3.0
               +-------+-------+-------+-------+-------+----------------------

Table legend: (Time is in decaauts)
 A = Elapsed time spent in this place.
 B = Non-inter-level travel time spent in this place.
 C = Inter-level travel time spent in this place.
 D = Time resting spent in this place.
 E = Time spent auto-exploring this place.
 F = Levels seen in this place.
 G = Mean time per level.
                   A        B        C        D        E       F      G
               +--------+--------+--------+--------+--------+-----+--------+
         Total |    295 |    287 |      8 |    177 |     61 |   3 |   98.3 |
       Dungeon |    295 |    287 |      8 |    177 |     61 |   3 |   98.3 |
               +--------+--------+--------+--------+--------+-----+--------+

Top non-repeatable levels by time:
     D:2: 216 daAuts
     D:1: 66 daAuts
     D:3: 12 daAuts
